 Dungeon Crawl Stone Soup version 0.31.0-11-ge490571c62 (webtiles) character file.

Game seed: 11494456582969245942

2301 browni3141 the Cleaver (level 9, -2/78 HPs)
             Began as a Minotaur Fighter on Jan 27, 2024.
             Succumbed to a kobold brigand's curare-tipped dart
             ... on level 7 of the Dungeon.
             The game lasted 00:03:07 (4051 turns).

browni3141 the Cleaver (Minotaur Fighter)           Turns: 4051, Time: 00:03:07

Health: -2/78      AC:  8    Str: 26    XL:     9   Next: 17%
Magic:  8/8        EV: 13    Int:  5    God:
Gold:   44         SH:  5    Dex:  9    Spells: 8/8 levels left

rFire   . . .        a - +0 war axe
rCold   . . .        c - +0 buckler
rNeg    . . .        s - +0 steam dragon scales
rPois   .            (helmet restricted)
rElec   .            t - +1 cloak
rCorr   .            (no gloves)
SInv    .            (no boots)
Will    .....        (no amulet)
Stlth   +            (no ring)
HPRegen 0.33/turn    (no ring)
MPRegen 0.11/turn

%: no passive effects
@: mighty, lethally poisoned (-2 -> -22), slowed, very slow
A: horns 2, retaliatory headbutt
a: no special abilities


You were on level 7 of the Dungeon.
You visited 1 branch of the dungeon, and saw 7 of its levels.

You collected 128 gold pieces.
You spent 84 gold pieces at shops.

Inventory:

Hand Weapons
 a - a +0 war axe (weapon)
Missiles
 p - 2 throwing nets (quivered)
Armour
 b - a +0 scale mail
 c - a +0 buckler (worn)
 s - +0 steam dragon scales (worn)
 t - a +1 cloak (worn)
Wands
 l - a wand of polymorph (8)
Scrolls
 h - a scroll of fog
 i - 2 scrolls of enchant weapon
 m - a scroll of torment
 o - a scroll of poison
 r - 2 scrolls of teleportation
Potions
 d - 2 potions of might
 e - a potion of degeneration
 f - 3 potions of enlightenment {unknown}
 g - a potion of resistance {unknown}
 j - a potion of mutation {unknown}
 k - 2 potions of haste {unknown}
 n - 2 potions of curing {unknown}
 q - 2 potions of attraction {unknown}
 u - a potion of invisibility {unknown}


   Skills:
 + Level 6.7 Fighting
 * Level 8.1 Axes
 + Level 6.7 Armour
 * Level 6.9 Dodging
 + Level 6.6 Shields


You had 8 spell levels left.
You didn't know any spells.
Your spell library contained the following spells:

 Spells                   Type           Power      Damage    Failure   Level
 Blink                    Tloc           0%         N/A       67%         2
 Lesser Beckoning         Tloc           0%         N/A       67%         2
 Momentum Strike          Conj/Tloc      0%         3d8       67%         2
 Gell's Gravitas          Tloc           0%         N/A       88%         3
 Teleport Other           Tloc           0%         N/A       88%         3
 Tukima's Dance           Hex            0%         N/A       88%         3
 Brom's Barrelling Bould  Conj/Erth      0%         2d3       99%         4
 Passage of Golubria      Tloc           0%         N/A       99%         4
 Fireball                 Conj/Fire      0%         3d3       100%        5
 Iskenderun's Battlesphe  Conj           0%         2d6       100%        5
 Yara's Violent Unravell  Hex/Alch       0%         3d3       100%        5
 Conjure Ball Lightning   Conj/Air       0%         3x3d6     100%        6
 Orb of Destruction       Conj           0%         9d5       100%        7


Dungeon Overview and Level Annotations

Branches:
Dungeon (7/15)
 Temple: D:4-7

Altars:
Ashenzari
Nemelex Xobeh
Sif Muna
Trog
Xom

Shops:
D:6 ?   D:7 !

Annotations:
D:4 2 transporters, Farjai's ghost, amateur DsAl


Innate Abilities, Weirdness & Mutations

You have a pair of horns on your head.
You reflexively headbutt those who attack you in melee.


Message History

A kobold comes into view. It is wielding a +0 dagger.
A wight comes into view. It is wielding a +4 hand axe.
You hit the kobold.
You kill the kobold!
You hit the kobold. You barely miss the kobold. You headbutt the kobold.
You kill the kobold!
A kobold comes into view. It is wielding a +0 dagger.
The kobold brigand throws a curare-tipped dart.
The curare-tipped dart hits you.
You are poisoned.
You have difficulty breathing.
You feel yourself slow down.
A wight comes into view. It is wielding a +0 battleaxe.
You feel very sick.
The kobold brigand throws a curare-tipped dart.
The curare-tipped dart hits you.
You are more poisoned.
You have difficulty breathing.
You feel as though you will be slow longer.
You closely miss the kobold brigand. You headbutt the kobold brigand!
The kobold brigand is moderately wounded.
You feel extremely sick.
The kobold brigand hits you but does no damage.
Space warps horribly around you! You block the kobold brigand's attack.
You hit the kobold brigand.
Your headbutt misses the kobold brigand.
The kobold brigand is heavily wounded.
You feel very sick.
The kobold brigand hits you but does no damage.
You blink.
You feel very sick.
The kobold brigand throws a curare-tipped dart.
The curare-tipped dart hits you.
You are more poisoned.
You have difficulty breathing.
You feel as though you will be slow longer.
The kobold brigand throws a curare-tipped dart.
The curare-tipped dart misses you.
Items here: ( )) †.
A wight comes into view. It is wielding a +0 morningstar.
You feel extremely sick.
The kobold brigand hits you but does no damage.
You blink.
The wight moves out of view.
You feel very sick.
You feel very sick.
You feel sick. The kobold brigand closely misses you.
You hit the kobold brigand but do no damage.
The kobold brigand is heavily wounded.
You hit the kobold.
You kill the kobold!
You feel sick. The kobold brigand closely misses you.
You slash the kobold brigand!
The kobold brigand is severely wounded.
You feel sick. You block the kobold brigand's attack.
The kobold closely misses you. You furiously retaliate!
You headbutt the kobold, but do no damage.
The kobold brigand misses you.
You hit the kobold brigand but do no damage.
The kobold brigand is severely wounded.
You miss the kobold. You barely miss the kobold.
You feel sick.
You are no longer poisoned.
You block the kobold's attack. The kobold brigand misses you.
The kobold hits you but does no damage. x2
The kobold hits you with a +0 dagger.
You hit the kobold brigand but do no damage.
Your headbutt misses the kobold brigand.
The kobold brigand is severely wounded.
You slash the kobold!
You kill the kobold!
You barely miss the kobold. You completely miss the kobold.
The kobold brigand barely misses you. The kobold barely misses you.
The kobold misses you.
The kobold brigand splashes around in the water.
You block the kobold's attack. The kobold hits you but does no damage.
You block the wight's attack.
You barely miss the kobold brigand.
The kobold brigand is severely wounded.
You slash the kobold!
You kill the kobold!
You barely miss the wight. You hit the kobold but do no damage.
The kobold brigand hits you with a +1 whip of distortion.
You blink.
The wight barely misses you.
You slash the wight!
The wight is heavily damaged.
The wight misses you.
Unknown command.
You feel very mighty all of a sudden. The wight misses you.
The wight hits you but does no damage.
You slash the wight!
You destroy the wight!
The kobold brigand throws a curare-tipped dart.
The curare-tipped dart hits you.
You are lethally poisoned!
You have difficulty breathing.
You feel as though you will be slow longer.
Your life force feels restored.
You closely miss the kobold brigand. You headbutt the kobold brigand.
The kobold brigand is almost dead.
You die...

#........)'.........+
#..#...####.........#
##.<.#..# ##.......##
#..#..#.# ##<....##
#.###.#.# ##...##
#..#..#.# #+##
##....#.# #......#
####@### #K#
####z######.#.z
#..KKz..z....#
#.~~~.)####.K..
#.≈∩≈.## # #.≈≈~.#
#.....# #.#.###


You could see a kobold brigand, 2 wights and 2 kobolds.

Vanquished Creatures
  Jeremiah (D:7)
  2 steam dragons (D:6)
  2 water moccasins (D:6)
  A sky beast (D:6)
  An ice beast (D:5)
  A black bear (D:4)
  2 ogres
  2 phantoms (D:5)
  A bullfrog (D:6)
  3 scorpions
  A wight (D:7)
  2 howler monkeys
  2 bombardier beetles
  4 hounds
  3 orc priests
  Crazy Yiuf (D:6)
  4 orc wizards
  3 iguanas
  A sleepcap (D:6)
  4 adders
  2 ufetubi (D:5)
  3 dart slugs
  10 orcs
  3 bats (D:1)
  5 endoplasms
  A giant cockroach (D:2)
  5 goblins
  A hobgoblin (D:2)
  4 jackals (D:4)
  7 quokkas
  9 ball pythons
  3 frilled lizards
  13 kobolds
  3 rats
110 creatures vanquished.

Notes
Turn   | Place    | Note
-------+----------+-------------------------------------------
     0 | D:1      | browni3141 the Minotaur Fighter began the quest for the
                  | Orb.
     0 | D:1      | Reached XP level 1. HP: 19/19 MP: 0/0
   158 | D:1      | Reached XP level 2. HP: 26/27 MP: 1/1
   254 | D:2      | Reached skill level 1 in Dodging
   257 | D:2      | Reached skill level 3 in Axes
   258 | D:2      | Reached XP level 3. HP: 16/33 MP: 2/2
   464 | D:2      | Reached XP level 4. HP: 40/40 MP: 3/3
   691 | D:3      | Found a broken altar of Ashenzari.
   801 | D:4      | Noticed a scorpion
   811 | D:4      | Killed a scorpion
   812 | D:4      | Reached skill level 4 in Axes
   812 | D:4      | Reached XP level 5. HP: 21/47 MP: 4/4
   812 | D:4      | Noticed a black bear
   822 | D:4      | Killed a black bear
   823 | D:4      | Reached XP level 6. HP: 22/53 MP: 5/5
  1163 | D:4      | Found a transporter.
  1169 | D:4      | Noticed Farjai's ghost (amateur DsAl)
  1344 | D:4      | Found a sparkling altar of Nemelex Xobeh.
  1416 | D:4      | Found a transporter.
  1441 | D:4      | Found a shimmering blue altar of Sif Muna.
  1718 | D:5      | Entered Level 5 of the Dungeon
  1718 | D:5      | Noticed an ice beast
  1724 | D:5      | Killed an ice beast
  1725 | D:5      | Reached skill level 5 in Axes
  1769 | D:5      | Reached skill level 5 in Shields
  1771 | D:5      | Reached skill level 5 in Fighting
  1771 | D:5      | Reached skill level 5 in Armour
  1771 | D:5      | Reached XP level 7. HP: 61/61 MP: 6/6
  2092 | D:5      | Reached skill level 6 in Axes
  2475 | D:6      | Reached skill level 5 in Dodging
  2486 | D:6      | Noticed a steam dragon
  2497 | D:6      | Killed a steam dragon
  2498 | D:6      | Reached XP level 8. HP: 21/69 MP: 7/7
  2712 | D:6      | Found a bloodstained altar of Trog.
  2715 | D:6      | Found Xego's Magic Scroll Emporium.
  2737 | D:6      | Bought a scroll of identify for 28 gold pieces
  2741 | D:6      | Bought a scroll of identify for 28 gold pieces
  2741 | D:6      | Bought a scroll of identify for 28 gold pieces
  2886 | D:6      | Reached skill level 7 in Axes
  3388 | D:6      | Found a shimmering altar of Xom.
  3471 | D:6      | Found a runed translucent door.
  3472 | D:6      | Noticed Crazy Yiuf
  3709 | D:6      | Killed Crazy Yiuf
  3753 | D:6      | Reached XP level 9. HP: 70/78 MP: 8/8
  3777 | D:7      | Noticed Jeremiah
  3821 | D:7      | Killed Jeremiah
  3822 | D:7      | Reached skill level 8 in Axes
  4026 | D:7      | Found Xiett's Distillery.
  4051 | D:7      | Succumbed to a kobold brigand's curare-tipped dart

Illustrated notes

Levels and vault maps discovered:
D:1:      sevenhm_arrival_forest_fort_large_4, layout_basic,
          ebering_ecumenical_altar_sacrificial
D:2:      layout_basic, roderic_lattice_a, grunt_ministairs_15,
          minmay_hexomino_c4
D:3:      layout_loops_cross, ashenzari_altar_1,
          mainiacjoe_overflow_small_starburst
D:4:      layout_loops_ring, nicolae_sif_muna_little_library,
          nemelex_diamond_rough_becter, gammafunk_ghost_arena
D:5:      layout_rooms
D:6:      layout_basic, marbit_many_paths, nicolae_overflow_hidden_temple,
          serial_shops, shop, minmay_misc_feat_five, uniq_crazy_yiuf_cottage
D:7:      layout_loops_corners, grunt_temple_overflow_order_and_chaos_2,
          old_standard_altar, minmay_temple_entry_junction, serial_shops,
          nicolae_shop_industrial_runoff, uniq_jeremiah, uniq_menkaure,
          uniq_maurice

Skill      XL: |  1  2  3  4  5  6  7  8  9 |
---------------+----------------------------+-----
Dodging        | 1 2 3 4 5 6 |  6.9
Axes           | 3 4 5 6 7 8 |  8.1
Armour         | 4 5 6 |  6.7
Fighting       | 4 5 6 |  6.7
Shields        | 4 5 6 |  6.6

Action                     |  1- 3 |  4- 6 |  7- 9 || total
---------------------------+-------+-------+-------++-------
  Melee: War axe           |    58 |    70 |   163 ||   291
         Headbutt          |     5 |    13 |    24 ||    42
         Unarmed           |       |    19 |       ||    19
    Use: Scroll            |       |       |     6 ||     6
         Potion            |       |       |     1 ||     1
 Armour: Scale mail        |    51 |    41 |    72 ||   164
         Skin              |       |    10 |     1 ||    11
         Steam dragon scal |       |       |    58 ||    58
  Dodge: Dodged            |    33 |    52 |    80 ||   165
  Block: Buckler           |    18 |    14 |    40 ||    72
